Cogmind - Beta 17 @@@ ROGUE MODE // 2026.08.03 @ 22:12:05 Player: Afro Result: Destroyed by Y-45 Defender with Heavy Assault Rifle Performance ------------- Evolutions (2) 1000 Regions Visited (4) 800 Robots Destroyed (108) 540 Value Destroyed (2965) 2965 Prototype IDs (5) 100 Alien Tech Used (0) 0 Bonus (246) 246 TOTAL SCORE: 5651 Bonus ------- High Alert Combat Kills 246 Cogmind --------- Core Integrity 0/550 Matter 48/300 Energy 80/100 System Corruption 2% Temperature Cool (9) Movement Flying (314) Ox4 Location -8/Materials Parts ------- > --- POWER (1) -------- (None) > --- PROPULSION (4) --- Improved Flight Unit Improved VTOL Module > --- UTILITY (4) ------ High-capacity Storage Unit Signal Interpreter Advanced Targeting Computer > --- WEAPON (2) ------- Heavy Mace > --- INVENTORY (20) --- Nuclear Core Improved Flight Unit Improved VTOL Module Cooling System Melee Analysis Suite ECM Suite Hardened Light Armor Plating Hacking Suite Flak Cannon Mini Grenade Launcher Datajack Heavy Mace Peak State ------------ > --- POWER ------------ Reinforced Ion Engine > --- PROPULSION ------- Improved Treads Improved Treads Advanced Treads Titanium Leg > --- UTILITY ---------- High-capacity Storage Unit Signal Interpreter Advanced Targeting Computer Hardened Medium Armor Plating > --- WEAPON ----------- Flak Cannon Flak Cannon > --- INVENTORY -------- Nuclear Core Nuclear Core Nuclear Core Improved Flight Unit Improved Flight Unit Improved VTOL Module Improved VTOL Module Cooling System Melee Analysis Suite ECM Suite Core Shielding Hacking Suite Flak Cannon Flak Cannon Flak Cannon Mini Grenade Launcher Datajack Heavy Mace Heavy Mace [Rating: 31] Favorites ----------- Power Reinforced Ion Engine Engine Reinforced Ion Engine Power Core Nuclear Core Propulsion VSS Leg Treads Improved Treads Leg VSS Leg Flight Unit Improved Flight Unit Utility High-capacity Storage Unit Device Structural Scanner Storage High-capacity Storage Unit Processor Signal Interpreter Protection Hardened Medium Armor Plating Weapon Advanced Beam Rifle Energy Gun Advanced Beam Rifle Energy Cannon Plasma Cannon Ballistic Gun Light Assault Rifle Ballistic Cannon Flak Cannon Launcher Mini Grenade Launcher Special Weapon Mining Laser Impact Weapon Heavy Mace Build | -11 -10 -9 -9 -8 ------- Run | Yrd Mat Mat Min Mat Slots Evolved 4 | . . 2 . 2 Power . | . . . . . Propulsion 2 | . . 1 . 1 Utility 2 | . . 1 . 1 Weapon . | . . . . . Parts Attached 71 | 7 4 32 1 27 Power 7 | 1 . 4 . 2 Engine 5 | 1 . 4 . . Core 2 | . . . . 2 Reactor . | . . . . . Propulsion 24 | 2 . 11 . 11 Treads 14 | 2 . 6 . 6 Leg 7 | . . 4 . 3 Wheel . | . . . . . Hover . | . . . . . Flight 3 | . . 1 . 2 Utility 15 | 2 2 5 1 5 Device 6 | 1 1 3 . 1 Storage 2 | 1 1 . . . Processor 3 | . . 1 . 2 Hackware . | . . . . . Protection 4 | . . 1 1 2 Artifact . | . . . . . Weapon 25 | 2 2 12 . 9 Energy Gun 4 | . . 4 . . Energy Cannon 4 | . . 1 . 3 Ballistic Gun 7 | 2 1 4 . . Ballistic Cannon 5 | . . 1 . 4 Launcher 2 | . . 1 . 1 Special Weapon 1 | . 1 . . . Impact Weapon 2 | . . 1 . 1 Slashing Weapon . | . . . . . Piercing Weapon . | . . . . . Special Melee Weapon . | . . . . . Unidentified Prototypes 5 | . . 4 . 1 Parts Lost 22 | . . 4 . 18 Power 3 | . . . . 3 Propulsion 11 | . . 2 . 9 Utility 3 | . . . . 3 Weapon 5 | . . 2 . 3 Highest Loss Streak 5 | . . 1 . 5 To Critical Strikes . | . . . . . Average Backups 17 | 2 11 19 19 19 Power 2 | 1 2 1 2 2 Propulsion 4 | 1 3 4 7 5 Utility 3 | . 1 5 3 3 Weapon 6 | . 4 7 5 6 Tool/Special . | . . . . . Unused Backups 40 | . . 20 . 20 Power 4 | . . 2 . 2 Propulsion 13 | . . 8 . 5 Utility 9 | . . 4 . 5 Weapon 13 | . . 6 . 7 Tool/Special 1 | . . . . 1 Average Slot Usage (%) 98 | . 100 99 99 97 Engine 10 | . 14 10 11 7 Treads 19 | . 28 6 33 30 Leg 12 | . . 25 . 3 Device 12 | . 14 16 . 6 Storage 11 | . 14 11 11 9 Processor 5 | . . 4 11 14 Protection 2 | . . 1 10 6 Energy Gun 4 | . . 11 . . Energy Cannon 3 | . . 2 11 6 Ballistic Gun 9 | . 27 4 11 . Ballistic Cannon 3 | . . 2 . 9 Peak Build Rating 31 | 7 8 27 20 31 Average Rating 19 | 4 7 23 19 27 On Entrance 11 | . 7 8 20 20 Avg Prop Armor Cover (%) 4 | . . 3 . 4 Naked Turns . | . . . . . Heaviest Build 70 | 14 49 60 60 70 Greatest Support 92 | 40 40 69 69 92 Greatest Overweight (x) 19 | 2 1 19 . 18 Average Overweight (x) . | . . . . . Largest Inventory Capacity 20 | 8 20 20 20 20 Average Capacity 19 | 6 19 20 20 20 Most Carried 20 | 5 19 20 20 20 Average Carried 17 | 3 11 19 19 19 Final Capacity 20 | 8 20 20 20 20 Final Carried 20 | 5 19 19 20 12 Class Distribution -------------------- 100% | Mutant Dominant Class ---------------- Mutant | -10/Materials Mutant | -9/Materials Mutant | -9/Mines Mutant | -8/Materials Resources | -11 -10 -9 -9 -8 ----------- Run | Yrd Mat Mat Min Mat Matter Collected 1847 | 294 142 779 110 522 Remotely . | . . . . . Salvage Created 3467 | 114 193 1891 93 1176 Parts 233 | 7 22 121 4 79 Haulers Intercepted 2 | . . 2 . . Recyclers Shooed 12 | . 1 6 1 4 Parts Field Recycled . | . . . . . Retrieved Matter . | . . . . . Parts Self-Destructed . | . . . . . Prevented . | . . . . . Parts Restored . | . . . . . Kills | -11 -10 -9 -9 -8 ------- Run | Yrd Mat Mat Min Mat Combat Hostiles Destroyed 88 | . 10 40 2 36 Guns 39 | . 10 28 1 . Cannons 42 | . . 9 1 32 AOE 4 | . . 2 . 2 Classes Destroyed 13 | 2 3 6 . 2 Worker 3 | . 1 . . 2 Builder 2 | . . 1 . 1 Tunneler 2 | 2 . . . . Hauler 2 | . . 2 . . Recycler 5 | 1 . 2 . 2 Operator 3 | . . . . 3 Watcher 3 | . . 2 . 1 Swarmer 28 | . 9 4 . 15 Grunt 38 | . 1 21 1 15 Brawler 4 | . . 4 . . Duelist 3 | . . 1 1 1 Sentry 14 | . . 10 . 4 Heavy 1 | . . . . 1 Best Kill Streak 6 | 3 6 6 2 6 Combat Bots Only 6 | . 6 6 2 5 Max Kills in Single Turn 3 | 2 1 2 1 3 Gunslinging . | . . . . . Exploded 2 | . . 2 . 2 Melee . | . . . . . Uniques/NPCs Destroyed . | . . . . . Combat | -11 -10 -9 -9 -8 -------- Run | Yrd Mat Mat Min Mat Hostile Shots Fired 476 | . 63 150 9 254 Missed 108 | . 17 34 1 56 Hits 368 | . 46 116 8 198 Melee 13 | . . 7 3 3 Projectile 355 | . 46 109 5 195 Critical Strikes 16 | . 1 6 1 8 Damage Taken 5417 | . 370 1604 152 3291 Core 891 | . 47 290 . 554 Absorbed by Shields . | . . . . . Redirected to Shielding 17 | . . . . 17 Core Remaining (%) 69 | 100 81 . 27 . Volleys Fired 227 | 6 28 107 8 78 Largest 2 | 2 2 2 2 2 Hottest 160 | 40 100 122 91 160 Shots Fired 437 | 12 53 213 16 143 Gun 235 | 12 50 165 8 . Cannon 196 | . . 47 8 141 Launcher 3 | . . 1 . 2 Special 3 | . 3 . . . Kinetic 222 | 12 50 88 8 64 Thermal 212 | . 3 124 8 77 Explosive 3 | . . 1 . 2 Electromagnetic . | . . . . . Robot Hit Streak 26 | 7 2 14 6 26 Robot Miss Streak 4 | 1 4 4 1 4 Penetration Max . | . . . . . Secondary Targets 2 | . 2 . . . Max Gunslinging Chain 1 | . 1 . . . Shots Hit Robots 287 | 9 20 132 11 115 Core Hits 179 | 4 13 55 4 103 Critical Kills 4 | 1 . 2 . 1 Critical Parts Destroyed 2 | . . . . 2 Critical Strikes 8 | 1 . 4 . 3 Burn 1 | . . 1 . . Meltdown 2 | . . 1 . 1 Destroy 2 | 1 . 1 . . Blast 1 | . . 1 . . Smash 2 | . . . . 2 Melee Attacks 14 | . . 2 . 12 Impact 14 | . . 2 . 12 Slashing . | . . . . . Piercing . | . . . . . Sneak Attacks . | . . . . . Combat Hostiles . | . . . . . Follow-up Attacks . | . . . . . Damage Inflicted 6458 | 103 234 2778 223 3120 Guns 2306 | 103 221 1863 119 . Cannons 3310 | . . 691 89 2530 Explosions 471 | . . 162 . 309 Melee 220 | . . . . 220 Ramming 151 | . 13 62 15 61 Kinetic 2612 | 103 221 1021 119 1148 Thermal 3004 | . . 1533 89 1382 Explosive 471 | . . 162 . 309 Electromagnetic . | . . . . . Impact 220 | . . . . 220 Slashing . | . . . . . Piercing . | . . . . . Highest Corruption 7 | . . 7 7 2 Average Corruption 4 | . . 5 7 2 Corruption Purged . | . . . . . Corruption Blocked . | . . . . . Effects 74 | . . 49 11 14 Message Errors 16 | . . 11 3 2 Matter Fused 17 | . . 10 3 4 Heat Flow Errors 12 | . . 7 3 2 Energy Discharges 6 | . . 4 . 2 Parts Rejected 2 | . . 1 . 1 Parts Fused 1 | . . . . 1 Data Loss (minor) 10 | . . 7 2 1 Data Loss (major) 4 | . . 3 . 1 Misfires 3 | . . 3 . . Alerts 2 | . . 2 . . Weapon Failures 1 | . . 1 . . Overload Shots . | . . . . . Overflow Damage 124 | . . 35 . 89 Projectiles 35 | . . 27 . 8 Explosions 30 | . . 8 . 22 Melee 59 | . . . . 59 Knockbacks 25 | . . 2 1 22 Impact 1 | . . . 1 . Kinetic 24 | . . 2 . 22 Secondary . | . . . . . Self-Inflicted Damage . | . . . . . Shots . | . . . . . Rammed 18 | . 5 1 1 11 Targets Rammed 28 | . 6 10 1 11 Kicked 7 | . . 7 . . Crushed 3 | . 1 2 . . Highest Temperature 596 | . 20 376 260 596 Average Temperature 103 | . 10 64 126 140 Received Heat Transfer 1560 | . 6 615 30 909 Effects 26 | . . 3 1 22 Shutdowns 5 | . . 1 . 4 Energy Bleed 4 | . . 1 1 2 Interference 3 | . . . . 3 Matter Decay 2 | . . . . 2 Short Circuit 2 | . . 1 . 1 Damage (minor) 3 | . . . . 3 Damage (major) 4 | . . . . 4 Damage (core) 3 | . . . . 3 Siege Activations . | . . . . . Martial Activations . | . . . . . Shielding Activations . | . . . . . Robots Disrupted . | . . . . . Combat Hostiles . | . . . . . Robots Corrupted 2 | . . . . 2 Combat Hostiles 2 | . . . . 2 Parts Fried 3 | . . . . 3 Impact Corruptions 4 | . . . . 4 Robots Melted 2 | . . 1 . 1 Combat Hostiles 1 | . . 1 . . Parts Melted 11 | . . 3 . 8 Heat Transferred 5536 | . . 2738 148 2650 Parts Sabotaged . | . . . . . Parts Stolen . | . . . . . Parts Stripped . | . . . . . Power Chain Reactions . | . . . . . Alert | -11 -10 -9 -9 -8 ------- Run | Yrd Mat Mat Min Mat Maximum Alert Level 3 | . . 3 1 2 Low Security (%) 59 | 100 100 38 . 63 Level 1 19 | . . 21 100 22 Level 2 18 | . . 33 . 14 Level 3 2 | . . 5 . . Level 4 . | . . . . . Level 5 . | . . . . . High Security . | . . . . . Max Security . | . . . . . Peak Influence 752 | 10 161 752 290 477 Initial 290 | . . . 290 79 Average 199 | 2 24 291 239 215 Influence Increases 2788 | 15 382 1219 65 1107 Destroy 0b10 Robot/C 1760 | . 200 800 40 720 Destroy 0b10 Robot/NC 100 | 15 5 35 . 45 Destroy Leader 420 | . 40 218 10 152 Successful Hack 103 | . 44 39 . 20 Disable Machine 45 | . . 30 . 15 Destroy Structure 60 | . 3 22 . 35 Lose Combat Pursuer 300 | . 90 75 15 120 Influence Decreases 2362 | 15 382 473 606 886 Entered New Map 582 | . . . 456 126 Time Decay 1570 | 15 382 443 150 580 Lost Part 210 | . . 30 . 180 Squads Dispatched 20 | . 2 9 . 9 Investigation 5 | . 2 2 . 1 Extermination . | . . . . . Reinforcement 8 | . . 3 . 5 Assault 4 | . . 4 . . Garrison 3 | . . . . 3 Intercept . | . . . . . Searches Triggered . | . . . . . Construction Impeded . | . . . . . Haulers Reinforced . | . . . . . Active Scanning Responses . | . . . . . Cargo Convoy Interrupts . | . . . . . Stealth | -11 -10 -9 -9 -8 --------- Run | Yrd Mat Mat Min Mat Distress Signals 14 | . 4 8 . 2 Communications Jammed . | . . . . . Distress Signals . | . . . . . Times Spotted 154 | . 22 73 3 56 Peak Tracking Total 7 | . 4 7 3 7 Tactical Retreats 18 | . 4 8 1 5 ECM-based Alert Blocks 5 | . . 5 . . Traps | -11 -10 -9 -9 -8 ------- Run | Yrd Mat Mat Min Mat Traps Triggered 4 | . . 2 . 2 Indirectly . | . . . . . Trap Hack Attempts . | . . . . . Triggered . | . . . . . Disarmed . | . . . . . Reprogrammed . | . . . . . Reused . | . . . . . Traps Extracted . | . . . . . Installed . | . . . . . Triggered . | . . . . . Machines | -11 -10 -9 -9 -8 ---------- Run | Yrd Mat Mat Min Mat Machines Disabled 3 | . . 2 . 1 Max in Single Turn 1 | . . 1 . 1 Machines Repaired . | . . . . . Machines Dismantled . | . . . . . Machines Sabotaged . | . . . . . Overloaded Fab Kills . | . . . . . Hacking | -11 -10 -9 -9 -8 --------- Run | Yrd Mat Mat Min Mat Machines Accessed 25 | . 9 12 . 4 Terminals 19 | . 8 8 . 3 Fabricators . | . . . . . Repair Stations . | . . . . . Recycling Units 3 | . 1 2 . . Scanalyzers 3 | . . 2 . 1 Garrison Access . | . . . . . Total Hacks 73 | . 25 35 . 13 Successful 41 | . 14 20 . 7 Failed 29 | . 10 14 . 5 Catastrophic 2 | . 1 1 . . Database Lockouts 3 | . 1 1 . 1 Manual 62 | . 26 26 . 10 Terminals 53 | . 23 22 . 8 Fabricators . | . . . . . Repair Stations . | . . . . . Recycling Units 4 | . 2 2 . . Scanalyzers 16 | . . 11 . 5 Garrison Access . | . . . . . Terminal Hacks 6 | . 2 4 . . Record 1 | . . 1 . . Robot Analysis 5 | . 2 3 . . Fabricator Hacks . | . . . . . Repair Station Hacks . | . . . . . Recycling Unit Hacks . | . . . . . Scanalyzer 11 | . . 8 . 3 Insert Component 4 | . . 3 . 1 Analyze 4 | . . 3 . 1 Retrieve Study 3 | . . 2 . 1 Garrison Access Hacks . | . . . . . Unauthorized Hacks 21 | . 11 6 . 4 Terminals 21 | . 11 6 . 4 Track 11 | . 5 4 . 2 Assimilate 8 | . 5 2 . 1 Operators 2 | . 1 . . 1 Fabricators . | . . . . . Repair Stations . | . . . . . Recycling Units . | . . . . . Scanalyzers . | . . . . . Garrison Access . | . . . . . Data Cores Recovered 1 | . . . . 1 Used . | . . . . . Hacking Detections 22 | . 8 11 . 3 Full Trace Events 4 | . 2 2 . . Feedback Events . | . . . . . Feedback Blocked . | . . . . . Robot Schematics Acquired . | . . . . . Robots Built . | . . . . . Authchips . | . . . . . Time . | . . . . . Total Robot Build Rating . | . . . . . Part Schematics Acquired 3 | . . 2 . 1 Parts Built . | . . . . . Authchips . | . . . . . Time . | . . . . . Total Part Build Rating . | . . . . . Part Studies Acquired 3 | . . 2 . 1 Parts Repaired . | . . . . . Time . | . . . . . Parts Recycled . | . . . . . Recycled Matter . | . . . . . Retrieved Matter . | . . . . . Retrieved Components . | . . . . . Parts Scanalyzed 3 | . . 2 . 1 Part Schematics Acquired 3 | . . 2 . 1 Parts Damaged . | . . . . . Bothacking | -11 -10 -9 -9 -8 ------------ Run | Yrd Mat Mat Min Mat Used RIF Installer . | . . . . . Robots Hacked . | . . . . . Non-combat . | . . . . . Combat . | . . . . . Robot Hacks Applied . | . . . . . Relay Couplers Released . | . . . . . Fabnet Peak Effective % . | . . . . . Robots Rewired . | . . . . . Allies Hacked . | . . . . . Hacks Repelled . | . . . . . Allies | -11 -10 -9 -9 -8 -------- Run | Yrd Mat Mat Min Mat Total Allies . | . . . . . Largest Group . | . . . . . Highest-Rated Group . | . . . . . Highest-Rated Ally . | . . . . . Total Orders . | . . . . . Ally Attacks . | . . . . . Total Damage . | . . . . . Kills . | . . . . . Allies Corrupted . | . . . . . Allies Melted . | . . . . . Intel | -11 -10 -9 -9 -8 ------- Run | Yrd Mat Mat Min Mat Active Infowar (turns) 4880 | 18 1832 2661 . 369 Structural 3935 | . 1551 2015 . 369 Seismic 299 | 18 281 . . . ECM 646 | . . 646 . . Robot Analysis Total 5 | . 2 3 . . Derelict Logs Recovered . | . . . . . Drone Launches . | . . . . . Drone Recoveries . | . . . . . Exploration | -11 -10 -9 -9 -8 ------------- Run | Yrd Mat Mat Min Mat Turns Passed 7288 | 92 1834 3255 317 1790 Spaces Moved 3108 | 41 707 1442 179 739 Core 12 | 9 . 1 . 2 Treads 1993 | 32 707 340 179 735 Legs 1103 | . . 1101 . 2 Wheels . | . . . . . Hover . | . . . . . Flight . | . . . . . Fastest Speed 50 | 50 160 160 160 156 Average Speed 189 | 149 233 176 160 180 Slowest Speed 1000 | 160 240 1000 160 950 Overloaded Moves . | . . . . . Propulsion Burnouts . | . . . . . Robots Hopped . | . . . . . Potential Cave-ins . | . . . . . Cave-ins Triggered . | . . . . . Exploration Rate (%) 56 | 3 88 95 40 58 Regions Visited 4 Branch Regions 1 Pre-discovered Areas . | . . . . . Known Exits Taken 2 | . . 1 1 . Unknown Exits Taken 2 | 1 1 . . . Scrap Searched 1 | . . . 1 . Spaces Dug 6 | . 3 2 . 1 Terrain Destroyed 50 | . 3 8 . 39 Melee 3 | . . 2 . 1 Projectile 23 | . 3 1 . 19 AOE 24 | . . 5 . 19 Terrain Rammed . | . . . . . Walls Destroyed . | . . . . . Machines Disabled . | . . . . . Actions | -11 -10 -9 -9 -8 --------- Run | Yrd Mat Mat Min Mat Total 4056 | 58 830 1947 193 1028 Wait 424 | . 65 253 3 103 Move 3104 | 40 706 1441 178 739 Hop . | . . . . . Pick Up 81 | 5 15 37 2 22 Fast Attach 31 | 7 . 15 . 9 Attach 32 | . 1 12 1 18 Detach 6 | . . 3 . 3 Swap 36 | . 7 19 . 10 Drop 73 | . 2 48 . 23 Fire 227 | 6 28 107 8 78 Melee 14 | . . 2 . 12 Ram . | . . . . . Kick 7 | . . 7 . . Crush 21 | . 6 3 1 11 Escape Stasis . | . . . . . Rewire . | . . . . . Trap . | . . . . . Miscellaneous . | . . . . . Route ------- -11/Scrapyard -10/Materials (discovered 4 exits: *Mat x2 / [*Min] / [*Sub]) -9/Materials (discovered 4 exits: *Mat x3 / *Min) -9/Mines (discovered 2 exits: *Mat x2) -8/Materials (discovered 1 exit: *Fac) History --------- Turn | Location | Event 20 | -11/Scrapyard | Discovered new exit (range 14) 93 | -11/Scrapyard | Entered Materials 312 | -10/Materials | Build established: Mutant 760 | -10/Materials | Central database locked down 892 | -10/Materials | Discovered new exit (range 12) 1234 | -10/Materials | Discovered new exit (range 5) 1742 | -10/Materials | Discovered new exit (range 8) 1879 | -10/Materials | Discovered new exit (range 5) 1927 | -10/Materials | Entered another Materials area 1927 | -9/Materials | Evolved 2 slots: Propulsion x1, Utility x1 2846 | -9/Materials | Discovered new exit (range 3) 3578 | -9/Materials | Discovered new exit (range 16) 4027 | -9/Materials | Central database locked down 4054 | -9/Materials | Discovered new exit (range 8) 4076 | -9/Materials | Identified exit to Materials 4727 | -9/Materials | First assault squad dispatched 4985 | -9/Materials | Core integrity fell below 50% 5170 | -9/Materials | Discovered new exit (range 6) 5180 | -9/Materials | Identified exit to Mines 5182 | -9/Materials | Entered Mines 5278 | -9/Mines | Discovered exit to Materials (range 10) 5430 | -9/Mines | Discovered exit to Materials (range 15) 5490 | -9/Mines | Assembled infested the area 5495 | -9/Mines | Assisted by a Guerilla fighting off Assembled 5499 | -9/Mines | Entered Materials 5499 | -8/Materials | Evolved 2 slots: Propulsion x1, Utility x1 6298 | -8/Materials | Central database locked down 6322 | -8/Materials | Discovered new exit (range 4) 6329 | -8/Materials | Identified exit to Factory 6582 | -8/Materials | Garrison activated, responded to threat 6630 | -8/Materials | Core integrity fell below 50% 7053 | -8/Materials | Lost 4 parts (1p2n1w) 7275 | -8/Materials | Lost 5 parts (1p2n1u1w) 7284 | -8/Materials | Core integrity fell below 20% 7289 | -8/Materials | Destroyed by Y-45 Defender with Heavy Assault Rifle Last Messages --------------- 07229_ Hvy. Assault Rifle fried. 07229_ Lgt. Treads fried. 07238_ Imp. Treads destroyed. 07241_ Nuclear Core destroyed. 07244_ Imp. Treads destroyed. 07252_ System corrupted: Matter fused (-5). 07258_ W-25 Informer sends out distress signal. 07271_ System corrupted: Core Shielding rejected. 07282_ G-47 Trooper suffers critical hit (Smash). 07282_ Destroyed Aluminum Leg. 07282_ G-47 Trooper system corrupted by crushing effect. 07283_ G-47 Trooper system terminally corrupted. 07284_ Acquired 53 matter. 07285_ Titanium Leg destroyed. 07286_ M-13 Machinist repairs Y-45 Defender. 07286_ Flak Cannon+ destroyed. 07288_ Nuclear Core destroyed. Map ----- +----------------------------------------------------+ | | | | | | | | | | | | | | | | | | | ?????????????????????????????????????????????????? | | ?????????????????????????????????????????????????? | | ?????????????????????????????????????????????????? | | ?????????????????????????????????????????????????? | | ?????????????????????????????????????????????????? | | ??????????????? ?????????????????????????????????? | | ???????????????? ????????????????????????????????? | | ????????????????? ???????????????????????????????? | | ?????????????????? ??????????????????????????????? | | ??????????????????# ?????????o????###########????? | | ??????????????????# ?????????????# """"" ! #????? | | ??????????????????# ??????###+### """"" #????? | | ??????????????????# ####### # """"" #????? | | ??????????????????# gY %# #????? | | ??????????????????# ggYm ! " #????? | | ??????????????????# = # #????? | | ??????????????????#######@### # #????? | | ????????????????????????#!#?## ## #????? | | ????????????????????????# #??# #####+######????? | | ????????????????????????#a#??#^ ^#???# #?????????? | | ???????????????????????? #??# ##### #########?? | | ????????????????????????#+#??# #?? | | ?????????????????????????????# #?? | | ?????????????????????????????# #?? | | ?????????????????????????????############### #?? | | ?????????????????????????????????????###???# #?? | | ???????????????????????????????????????????# #?? | | ???????????????????????????????????????????# #?? | | ???????????????????????????????????????????# #?? | | ???????????????????????????????????????????# #?? | | ??????????????????????????????????????????## ##? | | ???????????????????????????????#+########## #? | | ????????????????????????????? #? | | ????????????????????????????? % #? | | ????????????????????????????? #? | | ??????????????????????????????############# = #? | | ????????????????????????????????????????#####/#### | | ????????????????????????????????????????# % ]%""" | | ????????????????????????????????????????# %%"%"R" | | ????????????????????????????????????????# """%" " | | ????????????????????????????????????????# """ | +----------------------------------------------------+ Best States ------------- Heat Dissipation 67 Energy Generation 14 Energy Capacity 265 Matter Stores 300 Matter Capacity 300 Sight Range 16 Terrain Scan Density 10 ECM Strength 1 Armor Coverage 225 Core Shielding 20 Evasion (%) 40 Targeting Accuracy 8 Recoil Reduction 4 Item Schematics ----------------- Imp. Flight Unit | -9/Materials | Scanalyzed Lgt. Armor Plating | -9/Materials | Scanalyzed Hacking Suite | -8/Materials | Scanalyzed Robot Schematics ------------------ None Fabricated ------------ Nothing Repaired ---------- Nothing Studied --------- Maul | -9/Materials | Hacked Hvy. Assault Rifle | -9/Materials | Hacked Flak Cannon | -8/Materials | Hacked Alien Tech Used ----------------- None Achievements -------------- None Challenges ------------ None Game ------ Seed CentriumHelicalBefriender Manual? 0 Play Time 01:09:24 Cumulative 78.1 hours Start 2026.08.03 @ 21:01:26 End 2026.08.03 @ 22:12:05 Sessions 1 Manual Loads 0 Difficulty Rogue Special Mode None Game No. 62 Rogue 62 Adventurer 0 Explorer 0 Win Type - Total 1 Types 1/0/0/0/0/0/0/0/0/0 Lore% 23 Gallery% 33 Achievement% 26 Wizard Run 0 Options --------- Layout 1 ASCII 0 Keyboard 0 Movement Mouse Keybinds 0 Fullscreen 2 Font 24/Smallcaps Map View 50x35 Zoom Use 0% Tactical HUD 1 Map Filters NONE Filters NONE Steam 1 RUN: f0f06bd3-2ba3-4ca3-b051-fa4d07271b9b